AoeStats
← MrOizo

Black Forest

504828527Analyzed
4v4 RM · 26d ago on Sep 6, 2026· 67m 29s· 8 players
Game mode
Random Map
Map size
Large (8 player)
Population
200
Speed
Normal
Resources
Standard
Victory
Conquest
Starting age
Dark Age
Ending age
Imperial Age
RankedLock teamsTeams togetherTeam positionsShared explorationLock speedFull tech treeHidden civsTurbo modeCheats
Victory
Defeat
🇨🇭 Franks · Switzerland
821
+12
🇲🇽 Franks · Mexico
817
+12
🇩🇪 Byzantines · Germany
806
+13
🇸🇪 Ethiopians · Sweden
783
+18
🇸🇪 Khmer · Sweden
928
-20
🇸🇪 Britons · Sweden
699
-11
🇸🇪 Persians · Sweden
686
-11
🇸🇪 Bohemians · Sweden
636
-9
Schnappi0815
1:30 Loom
14:30 Feudal Age
20:57 Castle Age
19:09 Double-Bit Axe
20:27 Stone Mining
20:42 Fletching
22:26 Horse Collar
23:43 Bodkin Arrow
25:38 Bow Saw
28:09 Wheelbarrow
29:05 Heavy Plow
32:28 Imperial Age
29:27 Elite Skirmisher
30:19 Scale Barding Armor
31:34 Ballistics
31:40 Chain Barding Armor
31:29 Padded Archer Armor
32:42 Forging
33:05 Gold Mining
34:06 Bracer
36:03 Two-Man Saw
41:49 Chemistry
42:05 Caravan
43:34 Fortified Wall
45:31 Plate Barding Armor
45:31 Iron Casting
45:52 Conscription
46:39 Elite Cataphract
54:52 Logistica
56:18 Murder Holes
57:59 Leather Archer Armor
59:00 Gold Shaft Mining
62:37 Capped Ram
64:35 Siege Ram
Chinne23
10:42 Feudal Age
11:12 Double-Bit Axe
11:08 Horse Collar
14:34 Gold Mining
15:24 Fishing Lines
20:52 Castle Age
21:49 Bow Saw
21:41 Heavy Plow
23:26 Gold Shaft Mining
23:36 Wheelbarrow
22:36 Crossbowman
23:23 Stone Mining
23:35 Loom
24:27 Thumb Ring
26:03 Hand Cart
26:06 Gillnets
26:30 Fletching
26:40 Padded Archer Armor
27:33 Bodkin Arrow
29:12 Stone Shaft Mining
29:25 Ballistics
29:27 Leather Archer Armor
33:15 Imperial Age
31:16 Town Watch
32:42 Town Patrol
32:11 Elite Skirmisher
35:01 Two-Man Saw
33:40 Halberdier
34:06 Arson
34:22 Squires
33:46 Arbalester
35:51 Conscription
37:05 Bracer
37:36 Ring Archer Armor
37:18 Forging
38:33 Chemistry
38:49 Heavy Cavalry Archer
39:33 Royal Heirs
40:16 Caravan
40:46 Coinage
40:27 Guilds
41:49 Iron Casting
45:01 Masonry
44:48 Murder Holes
44:48 Heated Shot
45:06 Siege Engineers
45:03 Onager
45:20 Elite Shotel Warrior
46:49 Banking
FreddyK1990
1:04 Loom
13:48 Feudal Age
15:06 Double-Bit Axe
19:46 Castle Age
20:02 Wheelbarrow
19:44 Gold Mining
19:44 Stone Mining
20:45 Bow Saw
21:20 Gold Shaft Mining
26:19 Scale Barding Armor
26:25 Forging
26:56 Hand Cart
26:40 Pikeman
27:54 Caravan
30:39 Husbandry
36:32 Imperial Age
36:04 Fortified Wall
35:51 Murder Holes
37:14 Chivalry
37:35 Conscription
36:39 Cavalier
37:45 Chain Barding Armor
38:03 Iron Casting
38:16 Paladin
41:16 Chemistry
40:06 Arrowslits
41:48 Plate Barding Armor
42:15 Blast Furnace
43:46 Halberdier
45:03 Squires
45:09 Scale Mail Armor
63:54 Town Watch
66:23 Light Cavalry
rick_m94
1:10 Loom
14:07 Feudal Age
18:09 Double-Bit Axe
23:25 Castle Age
22:24 Wheelbarrow
21:47 Gold Mining
24:24 Bow Saw
25:56 Hand Cart
27:56 Fortified Wall
27:53 Husbandry
28:24 Town Watch
30:00 Stone Mining
30:25 Scale Barding Armor
30:18 Murder Holes
30:37 Masonry
31:11 Pikeman
34:27 Imperial Age
32:27 Gambesons
33:58 Ballistics
33:55 Town Patrol
35:41 Cavalier
37:20 Conscription
38:06 Chemistry
37:15 Siege Engineers
37:24 Masonry
38:22 Gold Shaft Mining
37:26 Paladin
39:38 Elite Skirmisher
43:51 Squires
44:04 Forging
44:14 Chain Barding Armor
43:45 Fletching
43:55 Padded Archer Armor
43:55 Scale Mail Armor
44:46 Architecture
46:16 Halberdier
53:51 Chivalry
53:28 Man-at-Arms
53:37 Light Cavalry
Chihiro
12:58 Feudal Age
13:58 Double-Bit Axe
16:51 Stone Mining
18:12 Wheelbarrow
22:15 Castle Age
21:40 Town Watch
23:51 Town Patrol
28:03 Bow Saw
27:37 Horse Collar
30:17 Fletching
31:00 Murder Holes
31:26 Hand Cart
32:10 Gold Mining
32:56 Stone Shaft Mining
37:17 Imperial Age
36:43 Gold Shaft Mining
36:21 Caravan
36:55 Ballistics
36:54 Forging
36:39 Bodkin Arrow
36:45 Scale Mail Armor
36:46 Padded Archer Armor
36:51 Scale Barding Armor
37:04 Fervor
38:06 Conscription
38:01 Citadels
38:33 Hoardings
39:46 Two-Man Saw
38:54 Heavy Plow
38:46 Elite War Elephant
44:19 Iron Casting
44:00 Chain Mail Armor
44:56 Kamandaran
45:58 Heavy Camel Rider
46:51 Thumb Ring
51:43 Heavy Cavalry Archer
59:32 Pikeman
62:39 Elite Skirmisher
Brolo
1:23 Loom
11:40 Feudal Age
12:24 Double-Bit Axe
12:39 Horse Collar
19:18 Fishing Lines
22:17 Castle Age
23:17 Bow Saw
23:08 Stone Mining
23:20 Gold Mining
24:22 Heavy Plow
25:04 Stone Shaft Mining
25:31 Stone Shaft Mining
25:45 Gold Shaft Mining
25:52 Gillnets
27:38 Wheelbarrow
31:44 Imperial Age
30:30 Tusk Swords
30:44 Forging
30:39 Scale Barding Armor
31:52 Hand Cart
32:15 Bloodlines
32:05 Husbandry
31:37 Light Cavalry
33:29 Caravan
33:59 Coinage
34:38 Crop Rotation
34:49 Hussar
36:45 Banking
37:04 Iron Casting
36:49 Chain Barding Armor
37:00 Ballistics
37:41 Chemistry
36:58 Heavy Scorpion
38:46 Blast Furnace
38:32 Conscription
38:31 Double Crossbow
40:11 Plate Barding Armor
39:35 Murder Holes
42:51 Pikeman
43:33 Scale Mail Armor
43:27 Halberdier
44:38 Chain Mail Armor
44:37 Siege Engineers
44:45 Masonry
44:46 Fortified Wall
MrOizo
3:04 Loom
11:12 Feudal Age
12:29 Double-Bit Axe
14:14 Fishing Lines
16:50 Castle Age
24:21 Horse Collar
26:08 Bow Saw
26:43 Gillnets
28:58 Fortified Wall
29:58 Heavy Plow
34:12 Imperial Age
33:55 Yeomen
36:44 Two-Man Saw
36:51 Ballistics
36:38 Siege Engineers
36:31 Fletching
36:43 Padded Archer Armor
38:09 Warwolf
40:19 Murder Holes
41:25 Chemistry
42:47 Caravan
43:47 Leather Archer Armor
43:27 Bodkin Arrow
44:42 Elite Longbowman
47:59 Ring Archer Armor
51:51 Pikeman
52:33 Squires
53:45 Halberdier
58:33 Onager
61:59 Bracer
62:00 Scale Mail Armor
62:10 Forging
63:08 Elite Skirmisher
jenjak
0:28 Loom
15:17 Feudal Age
15:37 Man-at-Arms
19:14 Double-Bit Axe
24:19 Castle Age
22:41 Scale Mail Armor
23:09 Forging
23:02 Horse Collar
24:27 Pikeman
25:58 Town Watch
27:34 Fletching
28:24 Bodkin Arrow
29:33 Chemistry
29:47 Bow Saw
30:21 Murder Holes
36:00 Imperial Age
33:51 Elite Skirmisher
35:00 Treadmill Crane
38:02 Wheelbarrow
40:52 Padded Archer Armor
44:56 Heavy Plow
49:16 Halberdier
50:47 Caravan
53:21 Conscription
64:54 Wagenburg Tactics
Connection lost

Rejoining the realm…

Still unreachable

The connection could not be restored.

Session expired

The server has moved on; the page needs a fresh start.